Construct Infanterie Kompanie
Selects Mechanized Battlegroup
Infanterie Officer Quarters
Construct Panzergrenadier Kompanie
Pak 40 Anti-tank Gun Team
Panzergrenadier Officer Quarters
Pak 40 Anti-tank Gun Team
Selects StuG Assault Group
Selects StuG Assault Group
Selects Mobile Repair Stations
Selects Wespe Self-propelled Artillery
Wespe Self-propelled Artillery
Construct Panzer Kompanie
Selects UNKNOWN (2160084)